 Dungeon Crawl Stone Soup version 0.21-a0-265-gb353147 (webtiles) character file.

299 roguesci the Ruffian (level 6, -1/55 HPs)
             Began as a Naga Transmuter on Sept 10, 2017.
             Slain by a water moccasin (3 damage)
             ... on level 3 of the Dungeon.
             The game lasted 00:09:26 (3955 turns).

roguesci the Ruffian (Naga Transmuter)              Turns: 3955, Time: 00:09:27

Health: -1/55      AC:  3    Str: 13    XL:     6   Next: 36%
Magic:  2/11       EV: 15    Int: 15    God:
Gold:   198        SH:  0    Dex: 16    Spells: 7/11 levels left

rFire    . . .     SeeInvis +     - Unarmed
rCold    + . .     Gourm    .   (no shield)
rNeg     . . .     Faith    .   u - +0 leather armour {rC+}
rPois    +         Spirit   .   (no helmet)
rElec    .         Reflect  .   (no cloak)
rCorr    .         Harm     .   (no gloves)
MR       .....                  (no barding)
Stlth    +++.......             (no amulet)
HPRegen  0.18/turn              (no ring)
MPRegen  0.12/turn              (no ring)

@: agile, lethally poisoned (-1 -> -8), short of breath, very slightly
contaminated, very slow
A: see invisible, deformed body, poison resistance, slowness 2, slow metabolism
1, spit poison 1, AC +2
a: Spit Poison


You were on level 3 of the Dungeon.
You were very hungry.

You visited 2 branches of the dungeon, and saw 5 of its levels.

You collected 198 gold pieces.

Inventory:

Hand Weapons
 p - a +0 mace of protection
Missiles
 a - 12 arrows
 e - 130 stones (quivered)
Armour
 u - a +0 leather armour of cold resistance (worn)
Scrolls
 f - 4 scrolls of teleportation {unknown}
 g - 2 scrolls of magic mapping {unknown}
 h - 2 scrolls of fear {unknown}
 i - a scroll of blinking {unknown}
 j - 5 scrolls of identify {unknown}
 k - a scroll of amnesia {unknown}
 l - 4 scrolls of remove curse {unknown}
 m - 2 scrolls of immolation {unknown}
 r - a scroll of recharging {unknown}
 s - a scroll of enchant weapon {unknown}
 t - a scroll of random uselessness {unknown}
Books
 c - a book of Changes

   Spells                             Type                      Level
   a - Beastly Appendage              Transmutation                1
   b - Sticks to Snakes               Transmutation                2
   c - Spider Form                    Transmutation/Poison         3
   d - Ice Form                       Ice/Transmutation            4
   e - Blade Hands                    Transmutation                5
Comestibles
 d - a bread ration
 n - 2 royal jellies


   Skills:
 + Level 2.7 Fighting
 + Level 0.8 Armour
 * Level 2.6 Dodging
 + Level 3.0 Stealth
 + Level 3.4 Unarmed Combat
 + Level 3.4 Spellcasting
 + Level 2.8 Transmutations
 * Level 0.3 Poison Magic


You had 7 spell levels left.
You knew the following spells:

 Your Spells              Type           Power        Failure   Level  Hunger
a - Beastly Appendage     Tmut           ##....       8%          1    None
b - Spider Form           Tmut/Pois      #.........   36%         3    ###....


Dungeon Overview and Level Annotations

Branches:
Dungeon (4/15)             Temple (1/1) D:4

Altars:
Fedhas
Gozag
Hepliaklqana
Kikubaaqudgha
Makhleb
Nemelex Xobeh
Qazlal
Ru
Sif Muna
Uskayaw
Vehumet
Wu Jian
Xom


Innate Abilities, Weirdness & Mutations

You cannot wear boots.
Your serpentine skin is tough. (AC +2)
You have supernaturally acute eyesight. (SInv)
Armour fits poorly on your strangely shaped body.
Your system is resistant to poisons. (rPois)
You cover ground very slowly.
You have a slow metabolism.
You can spit poison.


Message History

The water moccasin is almost dead.
You feel slightly more hungry.
You feel sick.
The water moccasin bites you but does no damage.
You miss the water moccasin.
The water moccasin is almost dead.
You feel sick. The water moccasin bites you!
* * * LOW HITPOINT WARNING * * *
The water moccasin misses you.
Casting: Spider Form
Confirm with . or Enter, or press ? or * to list all spells.
You miscast Spider Form.
You feel odd.
You are feeling very hungry.
* * * LOW HITPOINT WARNING * * *
You feel sick.
The water moccasin completely misses you.
You miss the water moccasin.
The water moccasin is almost dead.
* * * LOW HITPOINT WARNING * * *
You feel sick. The water moccasin bites you.
You die...

#....<#...#......#
########
#.....#.#........#
#.........#......#
###....##....<....#
........<#.#...#......
########.#.#>.[#.#####
#.#....##.#######
#.#######l......#
#......@SK.###.##
##########.### ..
#.....# ####.##K#l#.#
............#
####.....####
#........# #.....##.#
#...... .#


You could see a water moccasin, a leopard gecko and a kobold.

Vanquished Creatures
  A scorpion (D:4)
  A centaur skeleton (D:4)
  2 hounds (D:4)
  A worker ant (D:4)
  6 adders
  An ooze (D:2)
  3 dart slugs
  2 leopard geckos
  6 orcs (D:3)
  5 bats
  4 giant cockroaches
  9 goblins
  6 hobgoblins
  A quokka (D:2)
  A ball python (D:2)
  2 frilled lizards (D:1)
  5 kobolds
  12 rats
68 creatures vanquished.

Notes
Turn   | Place    | Note
-------+----------+-------------------------------------------
     0 | D:1      | roguesci the Naga Transmuter began the quest for the Orb.
     0 | D:1      | Reached XP level 1. HP: 18/18 MP: 3/3
   119 | D:1      | Reached XP level 2. HP: 15/25 MP: 3/5
   133 | D:1      | HP: 1/25 [bat (1)]
  1020 | D:1      | Reached skill level 1 in Stealth
  1020 | D:1      | Reached XP level 3. HP: 26/32 MP: 6/6
  1025 | D:1      | Learned a level 3 spell: Spider Form
  1948 | D:2      | Found a burning altar of Makhleb.
  1948 | D:2      | Found a radiant altar of Vehumet.
  2204 | D:2      | Reached XP level 4. HP: 37/39 MP: 7/7
  2216 | D:2      | Found a shimmering altar of Xom.
  2216 | D:2      | Found a shimmering altar of Xom.
  2216 | D:2      | Found a shimmering altar of Xom.
  2217 | D:2      | Found a shimmering altar of Xom.
  2217 | D:2      | Found a shimmering altar of Xom.
  2224 | D:2      | Found a shimmering altar of Xom.
  2231 | D:2      | You fall through a shaft for 2 floors!
  2508 | D:4      | Found a staircase to the Ecumenical Temple.
  2514 | Temple   | Entered the Ecumenical Temple
  2756 | D:4      | Reached XP level 5. HP: 31/45 MP: 2/9
  3002 | D:4      | Reached XP level 6. HP: 24/55 MP: 6/10
  3684 | D:3      | Noticed a water moccasin
  3955 | D:3      | HP: 2/55 [poisoned by a water moccasin]
  3955 | D:3      | Slain by a water moccasin

Vault maps used:
D:1:      dpeg_arrival_rooms_b, st_stairs_8, minmay_tromino_i4
D:2:      amethyst_overflow_temple_binary, xom_redecorated
D:3:      uniq_crazy_yiuf_cottage
D:4:      nicolae_dithmenos_through_a_glass_darkly, minmay_temple_entry_hall,
          first_bread, kennysheep_diamond
Temple:   eino_temple_lava

Skill      XL: |  1  2  3  4  5  6 |
---------------+-------------------+-----
Stealth        | 1 2 3 |  3.0
Dodging        | 2 |  2.6
Fighting       | 2 |  2.7
Spellcasting   | 3 |  3.4
Armour         | |  0.8
Unarmed Combat | |  3.4
Transmutations | |  2.8
Poison Magic   | |  0.3

Action                   |  1- 3 |  4- 6 || total
-------------------------+-------+-------++-------
Melee: Unarmed           |   132 |   121 ||   253
       Headbutt          |     4 |       ||     4
       Punch             |     1 |       ||     1
Throw: Stone             |     6 |    11 ||    17
 Cast: Beastly Appendage |     6 |       ||     6
       Spider Form       |     2 |    11 ||    13
 Abil: Spit Poison       |     2 |     3 ||     5
       End Transformatio |       |     1 ||     1
  Use: Potion            |     1 |     5 ||     6
 Stab: Sleeping          |     2 |       ||     2
  Eat: Chunk             |     3 |     6 ||     9
Armor: Robe              |    22 |     2 ||    24
       Skin              |     1 |    33 ||    34
       Leather armour    |       |     6 ||     6
Dodge: Dodged            |    77 |    99 ||   176

Table legend:
 A = Spawn XP
 B = Non-spawn XP
 C = Spawn XP percentage of total XP
 D = Spawn monster count
 E = Non-spawn monster count
 F = Spawn count percentage of total count
 G = Total turns spent on level
                    A         B        C        D         E        F      G
               +---------+---------+-------+---------+---------+-------+---------
         Total |       0 |     428 |   0.0 |       0 |      68 |   0.0 |  3955
               +---------+---------+-------+---------+---------+-------+---------
           D:1 |       0 |      37 |   0.0 |       0 |      23 |   0.0 |  1267
           D:2 |       0 |      57 |   0.0 |       0 |      21 |   0.0 |  1137
           D:3 |       0 |      83 |   0.0 |       0 |      17 |   0.0 |   607
           D:4 |       0 |     251 |   0.0 |       0 |       7 |   0.0 |   867
               +---------+---------+-------+---------+---------+-------+---------
